 Dungeon Crawl Stone Soup version 0.24-a0-27-gca774cb5d5 (webtiles) character file.

Game seed: 5463405382129038959

307 Adamkad1 the Shield-Bearer (level 6, -18/49 HPs)
             Began as a Formicid Fighter on Feb 2, 2019.
             Demolished by an ogre
             ... wielding a +0 giant club
              (25 damage)
             ... on level 4 of the Dungeon.
             The game lasted 00:04:06 (3395 turns).

Adamkad1 the Shield-Bearer (Formicid Fighter)       Turns: 3395, Time: 00:04:07

Health: -18/49     AC:  7    Str: 27    XL:     6   Next: 68%
Magic:  6/6        EV:  8    Int: 11    God:
Gold:   193        SH: 10    Dex: 10    Spells: 5/5 levels left

rFire    . . .     SeeInvis +   a - +0 quarterstaff
rCold    . . .     Gourm    .   c - +0 shield
rNeg     . . .     Faith    .   b - +0 scale mail
rPois    .         Spirit   .   (helmet unavailable)
rElec    .         Reflect  .   (no cloak)
rCorr    .         Harm     .   (no gloves)
MR       .....                  (no boots)
Stlth    +.........             (no amulet)
HPRegen  0.16/turn              h - ring of stealth
MPRegen  0.10/turn              q - +3 ring of intelligence

@: mighty
A: permanent stasis, dig shafts and tunnels, four strong arms, antennae 3
a: Dig, Shaft Self


You were on level 4 of the Dungeon.
You were not hungry.

You visited 1 branch of the dungeon, and saw 4 of its levels.

You collected 193 gold pieces.

Inventory:

Hand Weapons
 a - a +0 quarterstaff (weapon)
Armour
 b - a +0 scale mail (worn)
 c - a +0 shield (worn)
Jewellery
 h - a ring of stealth (left hand)
 i - an uncursed ring of protection from fire
 j - an uncursed ring of flight
 q - a +3 ring of intelligence (right hand)
Scrolls
 e - a scroll of immolation
 k - a scroll of remove curse
Potions
 l - 3 potions of curing
Comestibles
 f - 9 rations
 g - a chunk of flesh


   Skills:
 * Level 4.7 Fighting
 * Level 3.6 Staves
 * Level 4.7 Armour
 * Level 5.2 Shields


You had 5 spell levels left.
You didn't know any spells.
Your spell library contained the following spells:

 Spells                   Type           Power        Failure   Level  Hunger
 Confusing Touch          Hex            #.....       86%         1    ##.....
 Confuse                  Hex            #.......     99%         3    ####...
 Gell's Gravitas          Tloc           #.........   99%         3    ####...
 Petrify                  Tmut/Erth      #.......     100%        4    #####..
 Metabolic Englaciation   Hex/Ice        #.........   100%        5    ######.
 Yara's Violent Unravell  Hex/Tmut       #.........   100%        5    ######.


Dungeon Overview and Level Annotations

Branches:
Dungeon (4/15)
 Temple: D:4-7

Altars:
Sif Muna
Uskayaw

Annotations:
D:3 2 transporters


Innate Abilities, Weirdness & Mutations

You cannot be hasted, slowed, berserked, paralysed or teleported.
You can dig through walls and to a lower floor.
Your four strong arms can wield two-handed weapons with a shield.
You have a pair of large antennae on your head. (SInv)


Message History

You feel very mighty all of a sudden.
As you read the scroll of identify, it crumbles to dust.
i - an uncursed ring of protection from fire
As you read the scroll of identify, it crumbles to dust.
j - an uncursed ring of flight You completely miss the ogre.
The ogre hits you with a +0 giant club!!
You sock the ogre!
The ogre is heavily wounded.
The ogre hits you with a +0 giant club!!
* * * LOW HITPOINT WARNING * * *
You barely miss the ogre.
The ogre is heavily wounded.
The ogre hits you with a +0 giant club.
* * * LOW HITPOINT WARNING * * *
You barely miss the ogre.
The ogre is heavily wounded.
The ogre hits you with a +0 giant club!!
Ouch! That really hurt!
You die...

# #.#)#.# #...................
#.#.#.# #...................
#.#.#.# #...................
..#.#.# #...................
#.#####.#.# #...................
#.......#.###............#######
####.....................#
.........................#
####..........O@.........#######
#..........######........>...
#..........# #............
#..........# #............
#..........# #............
#..........# #............ .
###########.. #.. #..


You could see an ogre.

Vanquished Creatures
  A hound (D:4)
  2 orc priests (D:3)
  A worker ant (D:4)
  3 gnolls (D:2)
  7 adders
  An ooze (D:4)
  A dart slug (D:3)
  3 leopard geckos
  13 orcs
  3 giant cockroaches
  6 goblins
  11 hobgoblins
  2 jackals (D:3)
  A quokka (D:2)
  A ball python (D:3)
  6 bats
  7 frilled lizards
  5 kobolds
  10 rats
84 creatures vanquished.

Notes
Turn   | Place    | Note
-------+----------+-------------------------------------------
     0 | D:1      | Adamkad1 the Formicid Fighter began the quest for the Orb.
     0 | D:1      | Reached XP level 1. HP: 18/18 MP: 1/1
   175 | D:1      | Reached XP level 2. HP: 19/24 MP: 2/2
   521 | D:1      | Reached XP level 3. HP: 29/29 MP: 3/3
   593 | D:1      | Reached skill level 4 in Shields
   926 | D:1      | Reached XP level 4. HP: 23/37 MP: 4/4
  1389 | D:2      | Reached XP level 5. HP: 23/42 MP: 5/5
  1985 | D:3      | Found a transporter.
  2232 | D:3      | Found a transporter.
  2247 | D:3      | Reached XP level 6. HP: 45/49 MP: 6/6
  2391 | D:3      | Reached skill level 5 in Shields
  2737 | D:4      | Found Wiwauq's Gadget Emporium.
  2779 | D:4      | Found a deep blue altar of Sif Muna.
  2780 | D:4      | Found a hide-covered altar of Uskayaw.
  2993 | D:4      | Noticed an ogre
  3395 | D:4      | Demolished by an ogre

Vault maps used:
D:1:      minmay_arrival_cross
D:2:      corexii_corridor_pit
D:3:      gammafunk_steamed_eel, first_ration
D:4:      nicolae_overflow_hidden_temple, serial_shops, kennysheep_mini

Skill      XL: |  1  2  3  4  5  6 |
---------------+-------------------+-----
Shields        | 4 5 |  5.2
Fighting       | 4 |  4.7
Armour         | 4 |  4.7
Staves         | 3 |  3.6

Action                   |  1- 3 |  4- 6 || total
-------------------------+-------+-------++-------
Melee: Quarterstaff      |    90 |   197 ||   287
 Abil: Dig               |       |     2 ||     2
  Use: Scroll            |       |    11 ||    11
       Potion            |       |     4 ||     4
  Eat: Chunk             |       |     8 ||     8
Armor: Scale mail        |    42 |    71 ||   113
Dodge: Dodged            |    40 |    73 ||   113
Block: Shield            |    49 |   108 ||   157

Table legend:
 A = Non-vault XP
 B = Vault XP
 C = Vault XP percentage of total XP
 D = Non-vault monster count
 E = Vault monster count
 F = Vault count percentage of total count
                 A         B        C        D         E       F
            +---------+---------+-------+---------+---------+-------
      Total |     439 |       0 |   0.0 |      84 |       0 |   0.0
            +---------+---------+-------+---------+---------+-------
        D:1 |      64 |       0 |   0.0 |      25 |       0 |   0.0
        D:2 |     102 |       0 |   0.0 |      24 |       0 |   0.0
        D:3 |     180 |       0 |   0.0 |      29 |       0 |   0.0
        D:4 |      93 |       0 |   0.0 |       6 |       0 |   0.0
            +---------+---------+-------+---------+---------+-------
